 Dungeon Crawl Stone Soup version 0.29-a0-338-g1ff7896281 (webtiles) character file.

Game seed: 13780044500416003262

4908 brightshaft the Fighter (level 10, -2/81 HPs)
             Began as a Djinni Fire Elementalist on Apr 18, 2022.
             Was an Initiate of Ashenzari.
             Slain by a warg (11 damage)
             ... on level 9 of the Dungeon.
             The game lasted 00:19:54 (11326 turns).

brightshaft the Fighter (Djinni Fire Elementalist) Turns: 11326, Time: 00:19:55

Health: -2/81      AC: 12    Str:  7    XL:     10   Next: 80%
Gold:   501        EV: 12    Int: 20    God:    Ashenzari [......] SH:  0 Dex: 15

rFire   + + .      SeeInvis .   G - +3 war axe (freeze)
rCold   x . .      Faith    .   (no shield)
rNeg    . . .      Spirit   .   D - +0 steam dragon scales
rPois   ∞          Reflect  .   m - +2 hat {Stlth+}
rElec   .          Harm     .   w - +0 cloak
rCorr   .          Rampage  .   (no gloves)
Will    +....                   (boots unavailable)
Stlth   +++.......              (no amulet)
HPRegen 0.23/turn               r - +4 ring of protection
MPRegen 0.00/turn               (no ring)

@: flying
A: sickness immunity, fire resistance 2, cold vulnerability 1, float, innate
caster, HP casting, extra vitality 1
a: Renounce Religion, Curse Item


You were on level 9 of the Dungeon.
You worshipped Ashenzari.
Ashenzari was noncommittal.
You visited 2 branches of the dungeon, and saw 10 of its levels.

You collected 501 gold pieces.

Inventory:

Hand Weapons
 c - a +3 hand axe of venom
 G - a +3 war axe of freezing (weapon)
Missiles
 k - 36 poisoned darts
 n - a throwing net
Armour
 m - a +2 hat of stealth (worn)
 w - a +0 cloak (worn)
 D - +0 steam dragon scales (worn)
Jewellery
 r - a +4 ring of protection (left hand)
Wands
 e - a wand of mindburst (11) {@v3}
 h - a wand of digging (9)
 y - a wand of flame (28) {@v2}
 B - a wand of iceblast (4)
 F - a wand of charming (8)
Scrolls
 g - a scroll of holy word
 i - 2 scrolls of teleportation {@r4}
 p - 5 scrolls of identify {@r1}
 x - a scroll of silence
 z - a scroll of enchant weapon
 A - a scroll of fear
 C - a scroll of magic mapping
 E - a scroll of noise {unknown}
Potions
 a - a potion of invisibility {unknown}
 b - 3 potions of curing {unknown}
 d - 2 potions of magic {unknown}
 f - 2 potions of degeneration {unknown}
 j - 3 potions of brilliance {unknown}
 l - 4 potions of ambrosia
 o - a potion of might {unknown}
 q - a potion of heal wounds {@q2}
 s - 7 potions of mutation {unknown}
 t - a potion of flight {unknown}
 u - a potion of berserk rage {unknown}
 v - 2 potions of haste {@q3}


   Skills:
 + Level 10.7 Fighting
 - Level 2.1 Dodging
 - Level 1.5 Stealth
 + Level 8.7 Spellcasting


You had 4 spell levels left.
You knew the following spells:

 Your Spells              Type           Power      Damage    Failure   Level
a - Foxfire               Conj/Fire      100%       2x1d9     1%          1
b - Scorch                Fire           86%        2d9       1%          2
c - Conjure Flame         Conj/Fire      43%        6-21      1%          3
d - Inner Flame           Hex/Fire       43%        N/A       1%          3
e - Flame Wave            Conj/Fire      43%        2d9       2%          4
f - Beastly Appendage     Tmut           86%        N/A       1%          1
g - Corpse Rot            Necr/Air       86%        N/A       1%          2
h - Portal Projectile     Hex/Tloc       86%        N/A       1%          3
i - Teleport Other        Tloc           43%        N/A       1%          3
Your spell library was empty.

Dungeon Overview and Level Annotations

Branches:
Dungeon (9/15)             Temple (1/1) D:7            Lair (0/6) D:8
    Orc (0/2) D:9

Altars:
Ashenzari
Elyvilon
Hepliaklqana
Kikubaaqudgha
Makhleb
Nemelex Xobeh
Okawaru
Qazlal
Ru
Trog
Uskayaw
Vehumet
Wu Jian
Zin
The Shining One

Shops:
D:6 :(*(


Innate Abilities, Weirdness & Mutations

You are immune to sickness and miasma.
You are immune to poison.
Your flesh is very heat resistant. (rF++)
You are vulnerable to cold. (rC-)
You float through the air rather than walking.
You learn spells naturally, not from books.
Your magical power is your life essence.
You have superior vitality. (+4 MHP)


Message History

You closely miss the warg. You barely miss the warg. The warg bites you!
The warg bites you. The warg closely misses you. x2
You barely miss the warg. You closely miss the warg.
The warg closely misses you. x2; The warg bites you but does no damage.
The orc misses you. The warg bites you. The warg attacks as you move away!
The warg closely misses you. The orc closely misses you.
An orc wizard comes into view. It is wielding a +0 dagger.
The orc attacks as you move away! The orc closely misses you.
The warg bites you. The warg attacks as you move away! The warg bites you!
* * * LOW HITPOINT WARNING * * *
Something unseen opens the door.
The orc attacks as you move away! The orc barely misses you.
Casting: Scorch (safe; 1% risk of failure)
Confirm with . or Enter, or press ? or * to list all spells.
Aiming: Inner Flame (safe; 1% risk of failure)
Press: ? - help, Dir - move target, f - orc
Aim: an orc, wielding a +0 whip and wearing a +0 ring mail (chance to affect: 97%)
The orc is filled with an inner flame.
The orc warrior shouts!
* * * LOW HITPOINT WARNING * * *
The orc hits you but does no damage.
The orc wizard casts a spell.
The orc wizard flickers and vanishes!
Deactivating autopickup; reactivate with Ctrl-A.
You hit the orc.
Flame seeps out of the orc.
You freeze the orc.
The orc explodes!
The fiery explosion engulfs you! You resist.
* * * LOW HITPOINT WARNING * * *
The fiery explosion engulfs the warg!!
The warg is severely wounded.
You are engulfed in blazing flames.
You resist.
* * * LOW HITPOINT WARNING * * *
The warg is engulfed in blazing flames. x2
You kill the warg!
There is a stone staircase leading up here.
The warg bites you!
You die...

# ##### ###. ...##
... ...#
####.###..####
#............#
#....#@# .#
######..h.# .#
#......#####.#
#.#......h...######
#.##.#...........
#. #.#.##.#.##### #
#....#.#.#
##....#.#.# ..
#.....#.#.# ..


You could see a warg.

Vanquished Creatures
  Sigmund (D:3)
  4 yaks
  3 steam dragons (D:8)
  A warg (D:9)
  4 water moccasins (D:8)
  An orc warrior (D:7)
  3 black bears
  A sky beast (D:6)
  An ice beast (D:7)
  An ogre (D:5)
  2 centaurs
  4 bullfrogs (D:8)
  A kobold brigand (D:7)
  A necrophage (D:5)
  3 scorpions
  A gnoll sergeant (D:7)
  9 wights
  A jelly (D:5)
  4 hounds
  6 orc priests
  Ijyb (D:3)
  3 iguanas
  7 orc wizards
  7 gnolls
  5 adders
  A shadow imp (D:4)
  3 white imps
  2 worms
  3 dart slugs
  37 orcs
  9 endoplasms
  2 giant cockroaches
  8 goblins
  10 hobgoblins
  5 quokkas
  3 ball pythons
  A bat (D:1)
  3 frilled lizards
  9 kobolds
  A rat (D:1)
172 creatures vanquished.

Vanquished Creatures (others)
  Maurice (D:8)
  A hornet (D:8)
  An orc (D:3)
  64 foxfires
  48 fungi (D:8)
  36 plants
151 creatures vanquished.

Grand Total: 323 creatures vanquished

Notes
Turn   | Place    | Note
-------+----------+-------------------------------------------
     0 | D:1      | brightshaft the Djinni Fire Elementalist began the quest
                  | for the Orb.
     0 | D:1      | Reached XP level 1. HP: 15/15 MP: 0/0
   190 | D:1      | Reached skill level 1 in Fighting
   190 | D:1      | Reached XP level 2. HP: 19/22 MP: 0/0
   995 | D:2      | Reached XP level 3. HP: 16/27 MP: 0/0
   995 | D:2      | Learned a level 1 spell: Beastly Appendage
  1346 | D:2      | Reached skill level 2 in Fighting
  1688 | D:2      | Found a faded altar of an unknown god.
  1909 | D:2      | Reached XP level 4. HP: 15/33 MP: 0/0
  2495 | D:3      | Noticed Sigmund
  2517 | D:3      | Killed Sigmund
  2518 | D:3      | Reached skill level 3 in Fighting
  2518 | D:3      | Reached XP level 5. HP: 3/41 MP: 0/0
  2518 | D:3      | Learned a level 2 spell: Corpse Rot
  2518 | D:3      | Reached XP level 6. HP: 4/47 MP: 0/0
  2848 | D:3      | Reached skill level 4 in Fighting
  2913 | D:3      | Noticed Ijyb
  2924 | D:3      | Killed Ijyb
  4313 | D:4      | Noticed a black bear
  4321 | D:4      | Killed a black bear
  4322 | D:4      | Reached XP level 7. HP: 33/53 MP: 0/0
  4322 | D:4      | Learned a level 3 spell: Portal Projectile
  4347 | D:4      | Reached skill level 5 in Fighting
  4766 | D:4      | Found a hazy altar of Hepliaklqana.
  4767 | D:4      | Found an iron altar of Okawaru.
  4770 | D:4      | Found a bloodstained altar of Trog.
  4993 | D:5      | Entered Level 5 of the Dungeon
  5141 | D:5      | Reached skill level 5 in Spellcasting
  5182 | D:5      | Reached XP level 8. HP: 55/61 MP: 0/0
  5410 | D:5      | Reached skill level 6 in Fighting
  6202 | D:6      | Found Guedoc's Book Boutique.
  6587 | D:6      | Found Episoham's General Store.
  6702 | D:6      | Found Maih's Weapon Boutique.
  6988 | D:6      | Found Cysm's Antique Weapon Boutique.
  7206 | D:7      | Reached skill level 7 in Fighting
  7347 | D:7      | Reached XP level 9. HP: 12/68 MP: 0/0
  7347 | D:7      | Learned a level 3 spell: Teleport Other
  7809 | D:7      | Found a staircase to the Ecumenical Temple.
  7823 | Temple   | Entered the Ecumenical Temple
  7877 | Temple   | Became a worshipper of Ashenzari the Shackled
  7939 | D:7      | Reached skill level 8 in Fighting
  9600 | D:8      | Reached skill level 9 in Fighting
  9613 | D:8      | Reached XP level 10. HP: 51/78 MP: 0/0
  9778 | D:8      | Found a staircase to the Lair.
 10102 | D:8      | Reached skill level 10 in Fighting
 10226 | D:8      | Noticed Maurice
 10236 | D:8      | Killed Maurice
 11281 | D:9      | Found a staircase to the Orcish Mines.
 11299 | D:9      | HP: 3/81 [cloud of flame (6)]
 11326 | D:9      | Slain by a warg

Illustrated notes

Levels and vault maps discovered:
D:1:      psy_arrival_dodecagon, layout_basic, minmay_bisected
D:2:      layout_rooms, serial_co_window_serial, co_window_cross_1,
          co_window_paths_a, co_window_paths_a, co_window_of_opportunity_a,
          co_window_corner_a, co_window_paths_a, co_window_corner_a,
          co_window_paths_a, co_window_paths_a, co_window_paths_c,
          co_window_of_opportunity_b, co_window_of_opportunity_b,
          co_window_4corner_a, glass_columns_b,
          dreamdust_ecumenical_altar_grove, nicolae_grassy_gnolls
D:3:      layout_basic, kennysheep_generic_room_13, uniq_ijyb, uniq_sigmund
D:4:      layout_gridville, grunt_temple_overflow_open,
          lightli_ossuary_entry_decrepit_ruins
D:5:      layout_loops_ring, hangedman_abyss_or_decor_stagger,
          chequers_big_river, nicolae_elevator_lobby_asterisk
D:6:      layout_gridville, serial_shops, nicolae_square_shop, kennysheep_mini,
          nicolae_shop_hallway_plus, nicolae_inconvenience_store
D:7:      layout_loops_ring, minmay_temple_entry_offerings,
          nicolae_zen_rock_garden, fountainhead, lightli_minifort
D:8:      layout_basic, due_lair_maze_entry_diamond, uniq_maurice
D:9:      layout_basic, general_overflow_altar, nicolae_sif_muna_little_library,
          minmay_orc_entry_guard_dogs
Temple:   nicolae_temple_elliptical

Skill      XL: |  1  2  3  4  5  6  7  8  9 10 |
---------------+-------------------------------+-----
Fighting       | 1 2 3 4 5 7 9 10 | 10.7
Spellcasting   | 3 4 5 6 7 8 |  8.7
Dodging        | |  2.1
Stealth        | |  1.5

Action                   |  1- 3 |  4- 6 |  7- 9 | 10-12 || total
-------------------------+-------+-------+-------+-------++-------
Melee: Spear             |    52 |       |       |       ||    52
       Hand axe          |       |    32 |    84 |     9 ||   125
       Punch             |       |     1 |       |     1 ||     2
       War axe           |       |       |       |     6 ||     6
Throw: Dart              |       |       |     3 |     6 ||     9
 Cast: Foxfire           |    20 |     9 |     3 |     5 ||    37
       Scorch            |    13 |    30 |   103 |    34 ||   180
       Inner Flame       |       |     2 |    13 |     7 ||    22
  Use: Scroll            |       |     8 |     3 |       ||    11
       Potion            |       |     2 |       |       ||     2
 Stab: Sleeping          |     6 |     6 |     3 |       ||    15
Armor: Robe              |     4 |     7 |    26 |       ||    37
       Steam dragon scal |       |       |       |     7 ||     7
Dodge: Dodged            |    20 |    34 |    84 |    30 ||   168

Table legend: (Time is in decaauts)
 A = Elapsed time spent in this place.
 B = Non-inter-level travel time spent in this place.
 C = Inter-level travel time spent in this place.
 D = Time resting spent in this place.
 E = Time spent auto-exploring this place.
 F = Levels seen in this place.
 G = Mean time per level.
                   A        B        C        D        E       F      G
               +--------+--------+--------+--------+--------+-----+--------+
         Total |  11370 |  11115 |    255 |      0 |   9639 |  10 | 1137.0 |
       Dungeon |  11291 |  11060 |    231 |      0 |   9600 |   9 | 1254.6 |
        Temple |     79 |     55 |     24 |      0 |     39 |   1 |   79.0 |
               +--------+--------+--------+--------+--------+-----+--------+

Top non-repeatable levels by time:
     D:7: 2424 daAuts
     D:3: 1753 daAuts
     D:2: 1377 daAuts
     D:8: 1199 daAuts
     D:5: 1195 daAuts
     D:6: 1007 daAuts
     D:1: 991 daAuts
     D:4: 892 daAuts
     D:9: 451 daAuts
  Temple: 79 daAuts
